Map: Кислотный завод РВ

Players

Tetrodotoxin - Winner!

  • Race: Zerg Zerg
  • League: Silver
  • Spawn Location: 11:00

teran

  • Race: Protoss Protoss
  • League: Silver
  • Spawn Location: 5:00

VOD

Have the link to the VOD?

Description

Time

  • Played on: Nov. 17, 2018, 12:56 a.m.
  • Length: 12:29
Show
View Real Time Build Order
Export as new Build Order

Tetrodotoxin Zerg - Winner!

Build Orders: Pool First, Swarm Host 

Get SALT Encoding   

  12  0:03  Drone  
  13  0:15  Overlord  
  13  0:24  Drone  
  14  0:34  Drone x2  
  16  0:39  Drone  
  16  0:42  Extractor  
  16  0:48  Drone  
  17  0:54  Spawning Pool  
  16  0:59  Drone  
  17  1:19  Hatchery  
  17  1:22  Drone  
  17  1:29  Drone  
  18  1:41  Queen  
  18  1:44  Zergling x2  
  18  1:45  Zergling x2  
  22  1:53  Overlord  
  22  2:18  Drone  
  22  2:21  Queen  
  25  2:24  Drone  
  25  2:27  Drone  
  27  2:32  Queen  
  27  2:34  Overlord  
  29  2:41  Drone  
  29  2:55  Zergling x4  
  30  3:00  Spine Crawler  
  29  3:08  Queen  
  29  3:10  Roach Warren  
  28  3:43  Pneumatized Carapace, Drone x2  
  28  3:44  Drone x7  
  37  4:00  Lair  
  37  4:02  Drone x4  
  41  4:05  Extractor  
  40  4:18  Spine Crawler  
  38  4:29  Overlord x3  
  37  4:40  Overlord x2  
  37  4:58  Drone x3  
  40  5:08  Infestation Pit  
  40  5:10  Drone x3  
  40  5:12  Drone  
  40  5:13  Drone x5  
  48  5:17  Extractor  
  48  5:19  Overlord  
  47  5:38  Overseer  
  47  5:41  Overseer  
  47  6:06  Roach x6  
  47  6:09  Swarm Host x5  
  74  6:14  Extractor  
  73  6:26  Hatchery  
  72  6:39  Swarm Host  
  72  6:43  Overlord x2  
  72  6:44  Overlord  
  75  6:52  Evolution Chamber x2  
  73  7:00  Roach  
  75  7:02  Swarm Host  
  75  7:03  Swarm Host x4  
  90  7:44  Roach  
  90  7:45  Roach x3  
  90  7:47  Overlord x4  
  98  8:01  Hydralisk Den  
  97  8:06  Zerg Missile Weapons Level 1  
  97  8:07  Zerg Ground Armor Level 1  
  97  9:01  Roach x2  
  97  9:02  Roach x6  
  115  9:03  Roach x3  
  119  9:11  Hydralisk  
  119  9:16  Overlord x4  
  114  9:45  Hydralisk x3, Roach  
  117  9:46  Roach  
  117  9:52  Queen  
  121  9:59  Drone x3  
  116  10:41  Hydralisk x5  
  116  10:42  Hydralisk x2, Roach x5  
  121  11:11  Hydralisk x4, Roach  
  121  11:12  Roach x3  
Show
View Real Time Build Order
Export as new Build Order

teran Protoss 

Build Orders:  

Get SALT Encoding   

  12  0:12  Probe  
  12  0:15  Pylon  
  12  0:21  Probe  
  14  0:41  Gateway  
  14  0:44  Probe  
  14  0:48  Assimilator  
  15  0:57  Probe  
  16  1:04  Gateway  
  16  1:05  Probe  
  16  1:09  Pylon  
  17  1:13  Probe  
  18  1:23  Probe  
  19  1:33  Cybernetics Core  
  19  1:41  Pylon  
  19  1:42  Zealot  
  21  1:49  Probe  
  22  2:08  Assimilator  
  22  2:09  Probe  
  22  2:12  Adept x2  
  27  2:21  Probe  
  28  2:36  Probe  
  29  2:42  Pylon  
  29  2:44  Gateway  
  29  2:47  Gateway  
  29  3:03  Warp Gate  
  29  3:07  Robotics Facility  
  29  3:08  Probe  
  30  3:20  Probe  
  27  3:44  Stalker x2  
  31  3:52  Stalker x2  
  36  3:55  Observer  
  36  4:09  Nexus  
  36  4:35  Immortal  
  40  4:53  Probe  
  41  5:01  Probe  
  41  5:03  Pylon  
  42  5:10  Probe  
  43  5:22  Probe  
  43  5:25  Pylon  
  44  5:35  Zealot x2  
  46  5:36  Zealot x2  
  46  5:40  Warp Prism  
  54  5:44  Probe  
  55  5:50  Probe  
  55  5:52  Probe  
  57  5:58  Probe  
  57  6:00  Probe  
  58  6:07  Probe  
  58  6:11  Probe  
  60  6:13  Twilight Council  
  60  6:14  Forge  
  61  6:23  Probe  
  62  6:43  Gateway  
  62  6:44  Gateway  
  62  6:51  Assimilator, Protoss Ground Weapons Level 1  
  62  6:52  Charge  
  62  6:54  Assimilator  
  62  6:55  Stalker x3  
  62  6:56  Stalker  
  70  7:03  Observer  
  71  7:37  Zealot x3  
  77  8:11  Pylon  
  77  8:24  Nexus  
  68  8:44  Stalker  
  68  8:45  Stalker x4  
  68  8:46  Stalker  
  72  9:16  Zealot x4  
  72  9:17  Zealot x2  
  84  9:28  Protoss Shields Level 1  
  84  9:34  Immortal  
  72  9:39  Zealot x6  
  62  9:52  Probe  
  59  10:03  Stalker x3  
  59  10:04  Probe, Stalker x3  
  72  10:13  Immortal  
  76  10:16  Probe  
  77  10:25  Stalker x2  
  77  10:26  Stalker x2  
  85  10:28  Probe  
  86  10:38  Zealot x2  
  86  10:40  Probe  
  81  10:53  Probe  
  81  10:56  Stalker x4  
  58  11:14  Zealot x2  
  62  11:24  Stalker x3  
  62  11:25  Stalker  
  70  11:29  Immortal  
  74  11:34  Stargate  
  74  11:37  Stargate  
  74  11:58  Zealot x2  
  74  11:59  Zealot x4  
Tags
 
Add a new tag
Caveats
  • Supply blocks, unpowered buildings, or Contaminate may cause inaccurate times.
  • Supply counts are checked every 10 seconds.